[Event "TUR-chT Superleague 2018"]
[Site "Ankara"]
[Date "2018.07.29"]
[Round "6"]
[White "Sade, Defne"]
[Black "Ozbek, Busra"]
[Result "0-1"]
[ECO "B52"]
[WhiteElo "1954"]
[BlackElo "1848"]
[Annotator "NA"]
[PlyCount "102"]
[EventDate "2018.07.25"]
[EventType "team-tourn"]
[EventCountry "TUR"]
[SourceTitle "playchess.com"]
[Source "ChessBase"]
[SourceQuality "1"]
[TimeControl "40/5400+30:1800+30"]

1. e4 c5 2. Nf3 d6 3. Bb5+ Bd7 4. Bxd7+ Nxd7 5. d4 cxd4 6. Qxd4 Ngf6 7. Nc3 e6 8. O-O Be7 9. Rd1 a6 10. Bg5 O-O 11. Rd2 Qc7 12. Rad1 Rac8 13. Qe3 Rfd8 14. Bf4 Nb6 15. Rd3 Nc4 16. Qc1 b5 17. a3 Qc5 18. Nd4 Bf8 19. Bg3 Ng4 20. Nb3 Qb6 21. h3 Nge5 22. Bxe5 Nxe5 23. Rg3 Rc7 24. Qg5 Rdc8 25. Rf1 Nc4 26. Nd1 b4 27. axb4 Qxb4 28. f4 a5 29. f5 a4 30. Nd4 e5 31. Ne2 Nd2 32. c3 Qc5+ 33. Ne3 Nxf1 34. Kxf1 Rb7 35. Ng4 g6 36. Nf6+ Kg7 37. Nh5+ Kh8 38. Qf6+ Kg8 39. Qh4 Rxb2 40. Nf6+ Kg7 41. Nd4 exd4 42. Qxh7+ Kxf6 43. Rf3 Rb1+ 44. Kf2 dxc3+ 45. Kg3 g5 46. Kg4 Re1 47. Kh5 Rxe4 48. g4 Bg7 49. h4 Rh8 50. hxg5+ Ke7 51. f6+ Bxf6 0-1

[Event "TUR-chT Superleague 2018"]
[Site "Ankara"]
[Date "2018.07.29"]
[Round "6"]
[White "Celik, Eda"]
[Black "Can, Isil"]
[Result "0-1"]
[ECO "A08"]
[WhiteElo "1864"]
[BlackElo "1862"]
[Annotator "NA"]
[PlyCount "137"]
[EventDate "2018.07.25"]
[EventType "team-tourn"]
[EventCountry "TUR"]
[SourceTitle "playchess.com"]
[Source "ChessBase"]
[SourceQuality "1"]
[TimeControl "40/5400+30:1800+30"]

1. Nf3 d5 2. g3 c5 3. Bg2 Nc6 4. d3 Nf6 5. O-O e6 6. Nbd2 Bd6 7. e4 O-O 8. Re1 Qc7 9. c3 {A08: Königsindisch im Anzug} (9. Qe2 Nd7 10. Nf1 dxe4 11. dxe4 b6 12. Ne3 Bb7 13. c3 Rfd8 14. b3 a6 15. Nc4 Be7 16. Bf4 e5 17. Bc1 {0-1 (49) Naroditsky,D (2619)-Sheng,J (2392) chess.com INT 2018}) 9... b6 10. Qe2 dxe4 11. dxe4 e5 12. Nf1 h6 13. Ne3 Ne7 14. Rd1 $146 ({Vorgänger:} 14. Nh4 Re8 15. b3 Bb7 16. Ng4 Nxg4 17. Qxg4 Kh7 18. Nf5 Nxf5 19. Qxf5+ {½-½ (19) Steffen,A (2162)-Mueller,D (2199) Germany 2004}) 14... Bb7 15. Nh4 Rad8 16. Ng4 Nxg4 17. Qxg4 Kh7 18. Qh5 Ng8 19. Be3 g6 20. Qe2 Be7 21. Rf1 Bxh4 22. gxh4 Qe7 23. h5 g5 24. Bh3 Nf6 25. Bf5+ Kh8 26. Qf3 Rg8 27. Rad1 g4 28. Qg2 Nxh5 29. Bxh6 Nf4 30. Bxf4 exf4 31. Rxd8 Qxd8 32. Bxg4 Qh4 33. f3 Bxe4 34. h3 f5 35. fxe4 fxg4 36. Rxf4 Qe1+ 37. Rf1 Qe3+ 38. Qf2 gxh3+ 39. Kh1 Qxe4+ 40. Qf3 Re8 41. Qxe4 Rxe4 42. Rf7 Re2 43. Rxa7 Rxb2 44. Rb7 Rxa2 45. Rxb6 Rc2 46. Rh6+ Kg7 47. Rxh3 Kf6 48. Kg1 Ke5 49. Kf1 Kd5 50. Ke1 Kc4 51. Kd1 Rxc3 52. Rh8 Rg3 53. Rc8 Kd3 54. Rd8+ Kc3 55. Rc8 c4 56. Ke2 Rg4 57. Kd1 Rg1+ 58. Ke2 Rc1 59. Rc7 Kb2 60. Rb7+ Kc2 61. Rc7 c3 62. Rb7 Rh1 (62... Rb1 $142 63. Rc7 Kb2 64. Kd3 Rd1+ 65. Kc4 c2 66. Rb7+ Kc1 67. Kc3 Rh1 68. Rf7 Rh3+ 69. Kd4 Kb2 70. Rf2 Kb1 71. Rxc2 Kxc2 72. Ke4 Rh4+ 73. Kf5 Kd3 74. Ke6 Rd4 75. Kf5 Rd5+ 76. Kf6 Kd4 77. Ke6 Kc5 78. Ke7 Re5+ 79. Kf7 Kd6 80. Kf6 Rc5 81. Kf7 Rf5+ 82. Kg6 Ke6 83. Kg7 Rf6 84. Kg8 Rf7 85. Kh8 Kf5 86. Kg8 Kg6 87. Kh8 Rf8#) 63. Rc7 Rh8 64. Re7 Rd8 65. Ke1 Kc1 66. Ke2 c2 67. Rc7 Re8+ 68. Kd3 Kd1 69. Kd4 0-1

[Event "TUR-chT Superleague 2018"]
[Site "Ankara"]
[Date "2018.07.29"]
[Round "6"]
[White "Ayan, Bengu Sena"]
[Black "Yorgun, Yaren Naz"]
[Result "1-0"]
[ECO "E06"]
[WhiteElo "1787"]
[BlackElo "1737"]
[Annotator "NA"]
[PlyCount "72"]
[EventDate "2018.07.25"]
[EventType "team-tourn"]
[EventCountry "TUR"]
[SourceTitle "playchess.com"]
[Source "ChessBase"]
[SourceQuality "1"]
[TimeControl "40/5400+30:1800+30"]

1. d4 d5 2. c4 e6 3. Nf3 Nf6 4. g3 Be7 5. Bg2 O-O 6. Qc2 b6 7. cxd5 exd5 8. O-O Re8 9. Bf4 Bd6 10. Bxd6 Qxd6 11. Nc3 c6 12. Rfe1 Nbd7 13. Nd2 Bb7 14. Rad1 Rac8 15. Qb1 Qb8 16. b4 Rcd8 17. Qb3 Nf8 18. e4 dxe4 19. Ndxe4 Nxe4 20. Rxe4 Rxe4 21. Bxe4 Ne6 22. d5 cxd5 23. Nxd5 Kh8 24. Nc3 Bxe4 25. Nxe4 Rxd1+ 26. Qxd1 Qe8 27. Qd5 Kg8 28. Qb7 Nd8 29. Qc7 h6 30. Nd6 Qf8 31. Qd7 Ne6 32. b5 Nd8 33. Nc8 Ne6 34. Nxa7 Qa3 35. Qe8+ Nf8 36. Nc8 Qxa2 1-0

[Event "TUR-chT Superleague 2018"]
[Site "Ankara"]
[Date "2018.07.29"]
[Round "6"]
[White "Aydin, Gulenay"]
[Black "Balajayeva, Khanim"]
[Result "1/2-1/2"]
[ECO "C62"]
[WhiteElo "1732"]
[BlackElo "2332"]
[Annotator "NA"]
[PlyCount "77"]
[EventDate "2018.07.25"]
[EventType "team-tourn"]
[EventCountry "TUR"]
[SourceTitle "playchess.com"]
[Source "ChessBase"]
[SourceQuality "1"]
[TimeControl "40/5400+30:1800+30"]

1. e4 e5 2. Nf3 d6 3. d4 exd4 4. Qxd4 Nc6 5. Bb5 Bd7 6. Bxc6 Bxc6 7. Nc3 Nf6 8. Bg5 Be7 9. O-O-O O-O 10. e5 Ne8 11. Bxe7 Qxe7 12. Rhe1 Bxf3 13. gxf3 dxe5 14. Qxe5 Qxe5 15. Rxe5 f6 16. Re7 Rf7 17. Rdd7 Rxe7 18. Rxe7 Rd8 19. Ne2 Kf8 20. Re3 Kf7 21. Nf4 f5 22. Ne6 Rc8 23. c3 h6 24. b3 Nf6 25. c4 c6 26. Kd2 Nd7 27. Ke2 g6 28. Nf4 a5 29. Nd3 b6 30. Kd2 Kf6 31. h4 Rd8 32. Ke2 Nc5 33. Nxc5 bxc5 34. f4 Rd4 35. Kf3 Rd2 36. Re2 Rd3+ 37. Re3 Rd2 38. Re2 Rd3+ 39. Re3 1/2-1/2

[Event "TUR-chT Superleague 2018"]
[Site "Ankara"]
[Date "2018.07.29"]
[Round "6"]
[White "Onbasi, Irem"]
[Black "Incecik, Seyma Zeynep"]
[Result "0-1"]
[ECO "E90"]
[WhiteElo "1427"]
[BlackElo "1673"]
[Annotator "NA"]
[PlyCount "82"]
[EventDate "2018.07.25"]
[EventType "team-tourn"]
[EventCountry "TUR"]
[SourceTitle "playchess.com"]
[Source "ChessBase"]
[SourceQuality "1"]
[TimeControl "40/5400+30:1800+30"]

1. d4 d6 2. c4 g6 3. Nc3 Bg7 4. Nf3 Nc6 5. h3 Nf6 6. e4 O-O 7. Be3 Nd7 8. Bd3 e5 9. d5 Nd4 10. Bxd4 exd4 11. Ne2 Re8 12. O-O Nc5 13. Nexd4 Nxe4 14. Qc2 Ng5 15. Nxg5 Qxg5 16. Nf3 Qf6 17. Rfe1 Bxh3 18. Rxe8+ Rxe8 19. Qa4 Ra8 20. Rb1 Bg4 21. Nh2 Bf5 22. Qc2 Bd7 23. Re1 Qxb2 24. Qxb2 Bxb2 25. Rb1 Bd4 26. Nf3 Bb6 27. Nd2 Kg7 28. Re1 Re8 29. Rxe8 Bxe8 30. Ne4 Bd7 31. Kf1 f5 32. Nc3 Kf6 33. f4 h6 34. g3 Be8 35. Kg2 g5 36. Kf3 Bh5+ 37. Kg2 Be3 38. Be2 Be8 39. Kf3 Bd4 40. Nd1 Bh5+ 41. Kg2 Bxe2 0-1

[Event "TUR-chT Superleague 2018"]
[Site "Ankara"]
[Date "2018.07.30"]
[Round "7"]
[White "Muzychuk, Mariya"]
[Black "Nechaeva, Marina"]
[Result "1-0"]
[ECO "D10"]
[WhiteElo "2521"]
[BlackElo "2410"]
[Annotator "ChessBase"]
[PlyCount "137"]
[EventDate "2018.07.25"]
[EventType "team-tourn"]
[EventCountry "TUR"]
[SourceTitle "playchess.com"]
[Source "ChessBase"]
[SourceQuality "1"]
[TimeControl "40/5400+30:1800+30"]

1. d4 d5 2. c4 c6 3. Nc3 Nf6 4. cxd5 cxd5 5. Bf4 Nc6 6. e3 Bg4 7. Qb3 Na5 8. Qa4+ Bd7 9. Qc2 e6 10. Bd3 Be7 11. h3 Rc8 12. Nf3 Nc4 13. O-O b5 14. a3 O-O 15. Ne5 a6 16. Rfc1 Bc6 17. Qe2 Nxe5 18. Bxe5 Bb7 19. Rc2 Nd7 20. Bf4 Nb6 21. a4 b4 22. Nb1 a5 23. b3 Bd6 24. Bxd6 Qxd6 25. Raa2 g6 26. Rxc8 Rxc8 27. Rc2 Rxc2 28. Qxc2 Qc6 29. Qxc6 Bxc6 30. Nd2 g5 31. g4 h6 32. f4 f6 33. Kf2 Kf7 34. Kg3 Ke7 35. h4 Bxa4 36. bxa4 Nxa4 37. hxg5 hxg5 38. Nb3 Nb2 39. Bc2 Nc4 40. Kf2 a4 41. Nc5 a3 42. Bb3 Kd6 43. Ke2 Na5 44. Ba2 e5 45. Nb3 Nc6 46. dxe5+ fxe5 47. fxg5 Ke7 48. Nc5 d4 49. e4 b3 50. Bxb3 Nb4 51. Nd3 a2 52. Bxa2 Nxa2 53. Nxe5 Nb4 54. Nf3 Nc6 55. Kd3 Kf7 56. e5 Ke7 57. Ke4 d3 58. Kxd3 Nd8 59. Ke4 Ne6 60. g6 Nc5+ 61. Kf4 Kf8 62. Kf5 Nd3 63. e6 Nb4 64. Ke5 Nc6+ 65. Kd6 Ne7 66. g7+ Ke8 67. Nd4 Nc8+ 68. Ke5 Ne7 69. Nf5 1-0

[Event "TUR-chT Superleague 2018"]
[Site "Ankara"]
[Date "2018.07.30"]
[Round "7"]
[White "Erdogdu, Mert"]
[Black "Demirel, Ali Yagmur"]
[Result "1-0"]
[ECO "B54"]
[WhiteElo "2411"]
[BlackElo "1719"]
[Annotator "NA"]
[PlyCount "59"]
[EventDate "2018.07.25"]
[EventType "team-tourn"]
[EventCountry "TUR"]
[SourceTitle "playchess.com"]
[Source "ChessBase"]
[SourceQuality "1"]
[TimeControl "40/5400+30:1800+30"]

1. e4 c5 2. Nf3 d6 3. d4 cxd4 4. Nxd4 e6 5. Nc3 a6 6. Be3 Nd7 7. g4 b5 8. Bg2 Bb7 9. a3 Rc8 10. Qe2 Qc7 11. O-O Ne5 12. h3 Nf6 13. Kh1 Nc4 14. Bc1 Qc5 15. Nb3 Qa7 16. Nd2 Be7 17. Nxc4 Rxc4 18. a4 Qc5 19. axb5 axb5 20. g5 Nd7 21. Be3 Qc6 22. Ra7 O-O 23. Rc1 Rc8 24. Nb1 Nc5 25. Na3 Nxe4 26. Nxc4 bxc4 27. Qg4 d5 28. Bxe4 dxe4 29. Rd1 Bd6 30. Rxd6 1-0

[Event "TUR-chT Superleague 2018"]
[Site "Ankara"]
[Date "2018.07.30"]
[Round "7"]
[White "Badelka, Olga"]
[Black "Ozturk, Kubra"]
[Result "1/2-1/2"]
[ECO "A13"]
[WhiteElo "2407"]
[BlackElo "2330"]
[Annotator "NA"]
[PlyCount "114"]
[EventDate "2018.07.25"]
[EventType "team-tourn"]
[EventCountry "TUR"]
[SourceTitle "playchess.com"]
[Source "ChessBase"]
[SourceQuality "1"]
[TimeControl "40/5400+30:1800+30"]

1. c4 e6 2. Nf3 d5 3. b3 Nf6 4. Bb2 c5 5. e3 Nc6 6. cxd5 exd5 7. Be2 Be7 8. O-O O-O 9. d4 cxd4 10. Nxd4 Ne4 11. Nxc6 bxc6 12. Nd2 Bf5 13. Rc1 Qd6 14. Nxe4 Bxe4 15. Bd3 f5 16. f3 Bxd3 17. Qxd3 Bf6 18. Bd4 Bxd4 19. Qxd4 Qf6 20. Rc3 Rae8 21. Qxf6 Rxf6 22. Rfc1 Rfe6 23. Rxc6 Rxe3 24. Rc8 d4 25. Rxe8+ Rxe8 26. Rd1 Re2 27. a4 Rb2 28. Rxd4 Rxb3 29. Rd8+ Kf7 30. Rd7+ Kf6 31. Rxa7 Rb1+ 32. Kf2 Rb2+ 33. Kg3 Ra2 34. h4 Kg6 35. a5 Ra4 36. a6 f4+ 37. Kh3 h5 38. Ra8 Ra1 39. Kh2 Kh7 40. Ra7 Kg6 41. Ra8 Kh7 42. g3 Ra2+ 43. Kh3 Ra3 44. a7 fxg3 45. Kxg3 Ra4 46. f4 Ra3+ 47. Kf2 g6 48. Ke2 Kg7 49. Kd2 Kh7 50. Kc2 Kg7 51. Kb2 Ra6 52. Kb3 Kh7 53. Kb4 Kg7 54. Kc4 Ra1 55. Kb5 Rb1+ 56. Kc6 Rc1+ 57. Kb6 Rb1+ 1/2-1/2

[Event "TUR-chT Superleague 2018"]
[Site "Ankara"]
[Date "2018.07.30"]
[Round "7"]
[White "Atakisi, Umut"]
[Black "Soysal, Serkan"]
[Result "0-1"]
[ECO "B40"]
[WhiteElo "2390"]
[BlackElo "2406"]
[Annotator "ChessBase"]
[PlyCount "138"]
[EventDate "2018.07.25"]
[EventType "team-tourn"]
[EventCountry "TUR"]
[SourceTitle "playchess.com"]
[Source "ChessBase"]
[SourceQuality "1"]
[TimeControl "40/5400+30:1800+30"]

1. e4 c5 2. Nf3 e6 3. g3 Nc6 4. Bg2 e5 5. O-O Nf6 6. Nc3 d6 7. d3 Be7 8. Bg5 O-O 9. Bxf6 Bxf6 10. Nd2 g6 11. Nc4 Bg7 12. a4 Nd4 13. Nd5 Be6 14. c3 Nc6 15. Nce3 Ne7 16. Nxe7+ Qxe7 17. f4 exf4 18. gxf4 Rae8 19. f5 Qg5 20. Rf3 Bd7 21. Rg3 Qf4 22. Rf3 Qg5 23. Rg3 Qd8 24. Qf1 Bh6 25. Kh1 Bxe3 26. Rxe3 Bxf5 27. Qf4 Qe7 28. Rae1 Bd7 29. e5 dxe5 30. Rxe5 Qd6 31. Qg3 Rxe5 32. Rxe5 Bxa4 33. Bxb7 Bc6+ 34. Bxc6 Qxc6+ 35. Qg2 Qd6 36. Qd5 Qf6 37. Kg2 Rb8 38. Re2 Qb6 39. Re7 Qxb2+ 40. Kg3 Rf8 41. Qxc5 Qb8+ 42. Qc7 Qb5 43. c4 Qf5 44. Qd7 Qg5+ 45. Kf3 a5 46. Re8 Qh5+ 47. Ke3 Qxh2 48. Rxf8+ Kxf8 49. Qd8+ Kg7 50. Qxa5 Qg3+ 51. Ke2 Qg4+ 52. Kd2 Qf4+ 53. Kc2 Qf2+ 54. Kb3 Qd4 55. Kc2 h5 56. c5 Qe5 57. Qb6 h4 58. c6 h3 59. c7 h2 60. Qc6 Qe2+ 61. Kc3 Qe1+ 62. Kc2 Qe2+ 63. Kc3 Qe5+ 64. d4 Qe1+ 65. Kc2 h1=Q 66. Qxh1 Qxh1 67. c8=Q Qe4+ 68. Kc3 Qe3+ 69. Kc2 Qxd4 0-1

[Event "TUR-chT Superleague 2018"]
[Site "Ankara"]
[Date "2018.07.30"]
[Round "7"]
[White "Koksal, Ege"]
[Black "Triapishko, Alexandr"]
[Result "1/2-1/2"]
[ECO "E63"]
[WhiteElo "2378"]
[BlackElo "2509"]
[Annotator "ChessBase"]
[PlyCount "84"]
[EventDate "2018.07.25"]
[EventType "team-tourn"]
[EventCountry "TUR"]
[SourceTitle "playchess.com"]
[Source "ChessBase"]
[SourceQuality "1"]
[TimeControl "40/5400+30:1800+30"]

1. d4 Nf6 2. Nf3 g6 3. g3 Bg7 4. Bg2 O-O 5. O-O d6 6. c4 Nc6 7. Nc3 a6 8. h3 Bd7 9. e4 e5 10. d5 Nd4 11. Be3 Qc8 12. Nxd4 exd4 13. Bxd4 Bxh3 14. e5 dxe5 15. Bxe5 c6 16. Qf3 Bxg2 17. Kxg2 Qg4 18. Qxg4 Nxg4 19. Bxg7 Kxg7 20. dxc6 bxc6 21. Rad1 Rad8 22. Ne4 a5 23. Nc5 Rfe8 24. Nb3 a4 25. Na5 h5 26. Nxc6 Rxd1 27. Rxd1 Re2 28. Rb1 Rxf2+ 29. Kg1 Rf3 30. b4 Rxg3+ 31. Kh1 h4 32. b5 Nf2+ 33. Kh2 Ng4+ 34. Kh1 Rh3+ 35. Kg1 Rg3+ 36. Kh1 Nf2+ 37. Kh2 Ng4+ 38. Kh1 Rh3+ 39. Kg1 Rg3+ 40. Kh1 Nf2+ 41. Kh2 Ng4+ 42. Kh1 Nf2+ 1/2-1/2

[Event "TUR-chT Superleague 2018"]
[Site "Ankara"]
[Date "2018.07.30"]
[Round "7"]
[White "Unuk, Laura"]
[Black "Mamedjarova, Zeinab"]
[Result "0-1"]
[ECO "D37"]
[WhiteElo "2355"]
[BlackElo "2345"]
[Annotator "NA"]
[PlyCount "74"]
[EventDate "2018.07.25"]
[EventType "team-tourn"]
[EventCountry "TUR"]
[SourceTitle "playchess.com"]
[Source "ChessBase"]
[SourceQuality "1"]
[TimeControl "40/5400+30:1800+30"]

1. d4 d5 2. Nf3 e6 3. c4 Be7 4. Nc3 Nf6 5. Bf4 O-O 6. e3 Nbd7 7. Qc2 dxc4 8. Bxc4 a6 9. e4 c5 10. e5 Nh5 11. Be3 cxd4 12. Bxd4 Nf4 13. h4 Qc7 14. Bb3 Qc6 15. O-O-O b5 16. Ng5 Bxg5 17. hxg5 Ng6 18. f4 Rd8 19. g4 Ndf8 20. Rhf1 Bb7 21. f5 Nh4 22. f6 Nf3 23. fxg7 Kxg7 24. Qf2 b4 25. Bd5 Rxd5 26. Qxf3 Qc7 27. Qf6+ Kg8 28. g6 fxg6 29. Kb1 bxc3 30. Bxc3 Rxd1+ 31. Rxd1 Qf7 32. Qg5 Bd5 33. Qe3 Qf3 34. Qg1 a5 35. Bd2 Rb8 36. Ka1 Qe2 37. Bc3 Qc4 0-1

[Event "TUR-chT Superleague 2018"]
[Site "Ankara"]
[Date "2018.07.30"]
[Round "7"]
[White "Balajayeva, Khanim"]
[Black "Celik, Eda"]
[Result "1-0"]
[ECO "C55"]
[WhiteElo "2332"]
[BlackElo "1864"]
[Annotator "NA"]
[PlyCount "79"]
[EventDate "2018.07.25"]
[EventType "team-tourn"]
[EventCountry "TUR"]
[SourceTitle "playchess.com"]
[Source "ChessBase"]
[SourceQuality "1"]
[TimeControl "40/5400+30:1800+30"]

1. e4 e5 2. Nf3 Nc6 3. Bc4 Nf6 4. d3 Be7 5. O-O O-O 6. Re1 d6 7. a4 Na5 8. Ba2 c5 9. Na3 Nc6 10. c3 a6 11. Bd2 Rb8 12. Nc2 h6 13. b4 b5 14. axb5 axb5 15. Ne3 Re8 16. Bd5 Qc7 17. bxc5 dxc5 18. c4 Nxd5 19. Nxd5 Qd6 20. cxb5 Rxb5 21. Qa4 Rb8 22. Nxe5 Bb7 23. Nf3 Bf6 24. Rab1 Ra8 25. Qc2 Ba6 26. Bf4 Qd8 27. Qxc5 Rc8 28. Qa3 Ra8 29. Rb6 Bc4 30. Nxf6+ Qxf6 31. Qc1 Bxd3 32. Rxc6 Qe7 33. e5 Bb5 34. Rc7 Qb4 35. h3 Ra4 36. Bg3 Ba6 37. Qc3 Qb6 38. Qc6 Qxc6 39. Rxc6 Bb7 40. Rc3 1-0

[Event "TUR-chT Superleague 2018"]
[Site "Ankara"]
[Date "2018.07.30"]
[Round "7"]
[White "Selbes, Tarik"]
[Black "Bolat, Ahmet"]
[Result "1/2-1/2"]
[ECO "C10"]
[WhiteElo "2330"]
[BlackElo "2124"]
[Annotator "NA"]
[PlyCount "141"]
[EventDate "2018.07.25"]
[EventType "team-tourn"]
[EventCountry "TUR"]
[SourceTitle "playchess.com"]
[Source "ChessBase"]
[SourceQuality "1"]
[TimeControl "40/5400+30:1800+30"]

1. e4 e6 2. d4 d5 3. Nc3 dxe4 4. Nxe4 Nd7 5. Nf3 Ngf6 6. Nxf6+ Nxf6 7. Bg5 h6 8. Bh4 c5 9. c3 a6 10. Be2 cxd4 11. Qxd4 Qxd4 12. Nxd4 Bc5 13. Nb3 Bb6 14. O-O Bd7 15. Bf3 Bc6 16. Bxc6+ bxc6 17. Rad1 Rd8 18. Nd2 Ke7 19. Nc4 Bc7 20. Rfe1 Rd5 21. Ne3 Rxd1 22. Rxd1 Rb8 23. Nc4 Rb5 24. Bg3 e5 25. Re1 Nd7 26. f4 f6 27. fxe5 fxe5 28. Re2 Ke6 29. Bf2 Rd5 30. g4 g6 31. Kg2 Nf6 32. h3 h5 33. g5 Ng8 34. Ne3 Rd8 35. Bg3 Ne7 36. Nc2 c5 37. Bf2 Nd5 38. Bg3 h4 39. c4 hxg3 40. cxd5+ Rxd5 41. Kxg3 Rd3+ 42. Kg4 c4 43. h4 Bb6 44. Ne1 Rd4+ 45. Kg3 Kf5 46. Rf2+ Rf4 47. Rxf4+ exf4+ 48. Kf3 Bd4 49. b3 c3 50. Nc2 Bg1 51. b4 Bb6 52. a4 Ba7 53. a5 Bg1 54. Ne1 Be3 55. Nc2 Ba7 56. Na3 Bb8 57. b5 axb5 58. Nxb5 Be5 59. Na3 Bd4 60. a6 Bb6 61. Nc2 Bc5 62. Ne1 Be3 63. Nc2 Bc5 64. Na3 Be3 65. Nc2 Bc5 66. Nb4 Be3 67. Nc2 Bc5 68. Na3 Be3 69. Nc2 Bc5 70. Nb4 Be3 71. Nc2 1/2-1/2

[Event "TUR-chT Superleague 2018"]
[Site "Ankara"]
[Date "2018.07.30"]
[Round "7"]
[White "Yildiz Kadioglu, Betul Cemre"]
[Black "Ozoglu, Berker"]
[Result "1-0"]
[ECO "B31"]
[WhiteElo "2323"]
[BlackElo "1843"]
[Annotator "NA"]
[PlyCount "76"]
[EventDate "2018.07.25"]
[EventType "team-tourn"]
[EventCountry "TUR"]
[SourceTitle "playchess.com"]
[Source "ChessBase"]
[SourceQuality "1"]
[TimeControl "40/5400+30:1800+30"]

1. e4 c5 2. Nf3 Nc6 3. Bb5 g6 4. O-O Bg7 5. c3 a6 6. Be2 d5 7. d3 e5 8. Nbd2 Nf6 9. Re1 O-O 10. Bf1 Bg4 11. h3 Be6 12. exd5 Nxd5 13. Nc4 Qc7 14. Ng5 Rfe8 15. Nxe6 Rxe6 16. a4 h6 17. Ne3 Nf6 18. Ng4 Kh7 19. Nxf6+ Bxf6 20. Qf3 Bg7 21. Be3 Bf8 22. h4 f5 23. g3 Rd8 24. Bh3 Rf6 25. Rad1 Qf7 26. Bc1 Qb3 27. g4 Qxa4 28. gxf5 Qxh4 29. Re4 Qh5 30. Bg4 Qh4 31. Qg2 Rfd6 32. fxg6+ Kh8 33. Be2 Qf6 34. Rg4 Bg7 35. Qh3 Qf8 36. Bxh6 Kg8 37. Bg5 Rxg6 38. Bxd8 Qxd8 1-0

[Event "TUR-chT Superleague 2018"]
[Site "Ankara"]
[Date "2018.07.30"]
[Round "7"]
[White "Ozen, Bahadir"]
[Black "Ozcan, Kaan"]
[Result "1-0"]
[ECO "A08"]
[WhiteElo "2317"]
[BlackElo "1523"]
[Annotator "NA"]
[PlyCount "87"]
[EventDate "2018.07.25"]
[EventType "team-tourn"]
[EventCountry "TUR"]
[SourceTitle "playchess.com"]
[Source "ChessBase"]
[SourceQuality "1"]
[TimeControl "40/5400+30:1800+30"]

1. g3 g6 2. Bg2 Bg7 3. d3 d5 4. Nf3 Nf6 5. O-O O-O 6. Nbd2 c5 7. e4 dxe4 8. dxe4 Nc6 9. Re1 Bg4 10. h3 Bxf3 11. Qxf3 Nd4 12. Qd1 Nd7 13. c3 Nc6 14. f4 Qc7 15. e5 e6 16. Ne4 Rfd8 17. Qe2 Bf8 18. Be3 Be7 19. Rad1 Rac8 20. Kh1 b6 21. g4 Ndb8 22. Nf6+ Bxf6 23. exf6 Rxd1 24. Rxd1 Rd8 25. Rf1 Qd6 26. Be4 Qf8 27. h4 Qd6 28. h5 Nd7 29. g5 Ndb8 30. Qf3 Rd7 31. Kg2 Nd8 32. Rh1 Na6 33. Qh3 Qc7 34. hxg6 fxg6 35. Bxg6 Qb7+ 36. Kf2 Qd5 37. Bxh7+ Kf8 38. Qh6+ Ke8 39. Bg6+ Rf7 40. Qh7 Nc7 41. Bxf7+ Nxf7 42. Qg8+ Kd7 43. Qxf7+ Kc6 44. Rh7 1-0

[Event "TUR-chT Superleague 2018"]
[Site "Ankara"]
[Date "2018.07.30"]
[Round "7"]
[White "Ozenir, Ekin Baris"]
[Black "Eren, Ataberk"]
[Result "1-0"]
[ECO "D00"]
[WhiteElo "2300"]
[BlackElo "2195"]
[Annotator "NA"]
[PlyCount "95"]
[EventDate "2018.07.25"]
[EventType "team-tourn"]
[EventCountry "TUR"]
[SourceTitle "playchess.com"]
[Source "ChessBase"]
[SourceQuality "1"]
[TimeControl "40/5400+30:1800+30"]

1. d4 Nf6 2. Bg5 d5 3. e3 c5 4. Bxf6 gxf6 5. dxc5 Nc6 6. c4 dxc4 7. Nd2 e6 8. Bxc4 Bxc5 9. Ngf3 O-O 10. O-O a6 11. Rc1 Be7 12. Qe2 Ne5 13. Rfd1 b5 14. Nxe5 fxe5 15. Bb3 Bb7 16. Qh5 Qb8 17. Bc2 f5 18. e4 Qe8 19. Qh3 Kh8 20. exf5 exf5 21. Bxf5 Qf7 22. Rc7 Bc8 23. Qxh7+ Qxh7 24. Bxh7 Bg4 25. f3 Bd8 26. Rcc1 Bb6+ 27. Kh1 Be6 28. Be4 Rab8 29. b3 a5 30. Nf1 Bd4 31. Rc6 Bg8 32. Rdc1 a4 33. Rh6+ Kg7 34. Rg6+ Kh8 35. Rc7 Bf7 36. Rh6+ Kg8 37. Rh7 axb3 38. axb3 Bb6 39. Rd7 Rbd8 40. Rhxf7 Rxf7 41. Rxd8+ Bxd8 42. Bd5 Kf8 43. Bxf7 Kxf7 44. Ne3 Bb6 45. Nc2 e4 46. fxe4 Ke6 47. Na3 b4 48. Nc4 1-0

[Event "TUR-chT Superleague 2018"]
[Site "Ankara"]
[Date "2018.07.30"]
[Round "7"]
[White "Tasdogen, Dincer"]
[Black "Isik, Alparslan"]
[Result "1-0"]
[ECO "B07"]
[WhiteElo "2280"]
[BlackElo "2212"]
[Annotator "NA"]
[PlyCount "73"]
[EventDate "2018.07.25"]
[EventType "team-tourn"]
[EventCountry "TUR"]
[SourceTitle "playchess.com"]
[Source "ChessBase"]
[SourceQuality "1"]
[TimeControl "40/5400+30:1800+30"]

1. e4 d6 2. d4 Nf6 3. Bd3 e5 4. Nf3 exd4 5. Nxd4 g6 6. O-O Bg7 7. Nc3 O-O 8. Bf4 Re8 9. Qd2 Nc6 10. Nxc6 bxc6 11. Rfe1 Be6 12. Rad1 Qb8 13. b3 Qb4 14. Na4 c5 15. Qxb4 cxb4 16. Bd2 a5 17. e5 dxe5 18. Rxe5 Ng4 19. Re2 Bd7 20. Nc5 Bc6 21. h3 Ne5 22. Rde1 Rad8 23. Bf4 f6 24. Bxe5 Rxe5 25. Rxe5 fxe5 26. Ne6 Rd5 27. Bc4 Rd2 28. Nd4+ Bd5 29. Nf3 Rxc2 30. Bxd5+ Kf8 31. Nxe5 Ke7 32. Nd3+ Kd6 33. Bc4 Rxa2 34. Re6+ Kd7 35. Nc5+ Kd8 36. Bb5 c6 37. Rxc6 1-0

[Event "TUR-chT Superleague 2018"]
[Site "Ankara"]
[Date "2018.07.30"]
[Round "7"]
[White "Uzumcu, Ahmet Utku"]
[Black "Kara, Yanki"]
[Result "0-1"]
[ECO "B06"]
[WhiteElo "2261"]
[BlackElo "2120"]
[Annotator "NA"]
[PlyCount "64"]
[EventDate "2018.07.25"]
[EventType "team-tourn"]
[EventCountry "TUR"]
[SourceTitle "playchess.com"]
[Source "ChessBase"]
[SourceQuality "1"]
[TimeControl "40/5400+30:1800+30"]

1. e4 g6 2. d4 Bg7 3. Nc3 d6 4. f4 a6 5. Be2 Nd7 6. Bf3 c5 7. dxc5 Nxc5 8. Nge2 Nf6 9. O-O O-O 10. h3 Rb8 11. Be3 Nfd7 12. a4 b6 13. g4 Bb7 14. Qd2 b5 15. axb5 axb5 16. Ng3 b4 17. Na4 Qc7 18. Nxc5 Nxc5 19. Rab1 Rfc8 20. b3 Qb6 21. Qf2 Ra8 22. f5 Qc7 23. Bd4 Nd7 24. fxg6 fxg6 25. Be2 Bxd4 26. Qxd4 Ne5 27. Qxb4 Qc3 28. Qxc3 Rxc3 29. Kh2 Rxc2 30. Rf2 Raa2 31. Rbf1 Ba6 32. Re1 Nd3 0-1

[Event "TUR-chT Superleague 2018"]
[Site "Ankara"]
[Date "2018.07.30"]
[Round "7"]
[White "Yilmaz, Goktan"]
[Black "Samani, Yamac"]
[Result "1-0"]
[ECO "B66"]
[WhiteElo "2233"]
[BlackElo "2227"]
[Annotator "NA"]
[PlyCount "89"]
[EventDate "2018.07.25"]
[EventType "team-tourn"]
[EventCountry "TUR"]
[SourceTitle "playchess.com"]
[Source "ChessBase"]
[SourceQuality "1"]
[TimeControl "40/5400+30:1800+30"]

1. e4 c5 2. Nf3 Nc6 3. d4 cxd4 4. Nxd4 Nf6 5. Nc3 d6 6. Bg5 e6 7. Qd2 a6 8. O-O-O h6 9. Be3 Be7 10. f3 Nxd4 11. Bxd4 b5 12. g4 Bb7 13. Kb1 d5 14. e5 Nd7 15. Qe3 Rc8 16. Bd3 Nc5 17. f4 b4 18. Ne2 Nxd3 19. Qxd3 Bc6 20. Qxa6 Qd7 21. Qd3 Bb5 22. Qe3 Bxe2 23. Qxe2 Ra8 24. Qd3 O-O 25. f5 Qa4 26. Qb3 Ra6 27. Qxa4 Rxa4 28. b3 Ra6 29. c3 Rfa8 30. Rd2 bxc3 31. Bxc3 Rc8 32. Bd4 Rac6 33. Kb2 Bg5 34. Re2 Kf8 35. h4 Bc1+ 36. Kb1 Ba3 37. Bb2 Bxb2 38. Kxb2 Rc3 39. fxe6 fxe6 40. Rf1+ Kg8 41. Rf4 Kh7 42. h5 Kg8 43. a4 Rg3 44. Rc2 Rb8 45. b4 1-0